 Dungeon Crawl Stone Soup version 0.19.0-9-gfd783f2 (webtiles) character file.

41 AAAAA the Insei (level 3, 0/24 HPs)
             Began as an Octopode Warper on Nov 7, 2016.
             Was an Initiate of Ru.
             Slain by a giant cockroach (2 damage)
             ... on level 3 of the Dungeon.
             The game lasted 00:07:22 (1006 turns).

AAAAA the Insei (Octopode Warper)                   Turns: 1006, Time: 00:07:22

Health: 0/24       AC:  1    Str:  7 (10) XL:     3   Next: 52%
Magic:  6/6        EV: 15    Int: 14 (15) God:    Ru [......]
Gold:   108        SH:  0    Dex: 11 (12) Spells: 2 memorised, 1 level left

rFire  . . .     SeeInvis .       - Unarmed
rCold  . . .     Gourm    .     (no shield)
rNeg   . . .     Faith    .     (helmet restricted)
rPois  .         Spirit   .     (no amulet)
rElec  .         Reflect  .     (no ring)
rCorr  .         Harm     .     (no ring)
MR     .....                    (no ring)
Stlth  ++++......               (no ring)
                                (no ring)
                                (no ring)
                                (no ring)
                                (no ring)

@: no status effects
A: almost no armour, stealthy swim, amphibious, 8 rings, constrict 8, repulsion
field 1, camouflage 2, gelatinous body 1
a: Renounce Religion


You were on level 3 of the Dungeon.
You worshipped Ru.
Ru was noncommittal.
You were hungry.

You visited 1 branch of the dungeon, and saw 3 of its levels.

You collected 108 gold pieces.

Inventory:

Jewellery
 e - an uncursed ring of ice
Scrolls
 b - a scroll of blinking
 i - 2 scrolls of remove curse
 j - 2 scrolls of identify
 n - a scroll of recharging
Books
 a - a book of Spatial Translocations

   Spells                             Type                      Level
   a - Blink                          Translocation                2
   b - Shroud of Golubria             Charms/Translocation         2
   c - Lesser Beckoning               Translocation                3
   d - Portal Projectile              Translocation                3
   e - Teleport Other                 Translocation                3
   f - Passage of Golubria            Translocation                4
Comestibles
 d - 2 bread rations
 g - 6 chunks of flesh
 h - a meat ration


   Skills:
 - Level 2.0 Fighting
 - Level 1.0 Throwing
 - Level 2.3 Dodging
 + Level 3.8 Unarmed Combat
 - Level 2.0 Spellcasting
 - Level 3.0 Translocations


You had one spell level left.
You knew the following spells:

 Your Spells              Type           Power        Failure   Level  Hunger
a - Blink                 Tloc           N/A          12%         2    ###....
b - Teleport Other        Tloc           #.......     21%         3    ####...


Dungeon Overview and Level Annotations

Branches:
Dungeon (3/15)

Altars:
Ru

Annotations:
D:2 Ijyb


Innate Abilities, Weirdness & Mutations

You cannot wear most types of armour.
You are very stealthy in the water. (Stealth+)
You are amphibious.
You can wear up to eight rings at the same time.
You can use your tentacles to constrict eight enemies at once.
Your skin blends seamlessly with your surroundings (Stealth++).
Your rubbery body absorbs attacks. (AC +1, EV +1)
You are surrounded by a mild repulsion field. (EV +2)


Message History

You tentacle-slap the leopard gecko.
You kill the leopard gecko!
The giant cockroach misses you.
You tentacle-slap the giant cockroach but do no damage.
Your grab misses the giant cockroach.
Your squeeze misses the giant cockroach.
The giant cockroach is severely wounded.
The giant cockroach closely misses you.
You barely miss the giant cockroach. You grab the giant cockroach.
Your squeeze misses the giant cockroach.
The giant cockroach is severely wounded.
You constrict the giant cockroach, but do no damage.
The giant cockroach bites you.
* * * LOW HITPOINT WARNING * * *
The giant cockroach bites you.
* * * LOW HITPOINT WARNING * * *
You barely miss the giant cockroach.
The giant cockroach is severely wounded.
You constrict the giant cockroach. The giant cockroach bites you.
You die...

#.####.#..# #
#...##.#..#.#..#
#.#............#
#.####)#.#####.#
#......#.#####.#
########.......#
#########≈.#####
##..s≈.≈.≈.≈#
#.≈≈≈@≈≈≈≈.##
#..######### #..
##. ##


You could see a giant cockroach.

Vanquished Creatures
  2 dart slugs (D:1)
  3 leopard geckos
  4 orcs (D:3)
  4 bats
  2 giant cockroaches (D:3)
  A goblin (D:3)
  A hobgoblin (D:3)
  A ball python (D:1)
  2 frilled lizards
  5 kobolds
  5 rats
30 creatures vanquished.

Notes
Turn   | Place    | Note
-------+----------+-------------------------------------------
     0 | D:1      | AAAAA the Octopode Warper began the quest for the Orb.
     0 | D:1      | Reached XP level 1. HP: 14/14 MP: 3/3
   152 | D:2      | Reached XP level 2. HP: 19/19 MP: 5/5
   257 | D:3      | Found a sacrificial altar of Ru.
   264 | D:3      | Became a worshipper of Ru the Awakened
   364 | D:2      | Learned a level 2 spell: Blink
   379 | D:2      | Noticed Ijyb
   653 | D:1      | Reached XP level 3. HP: 15/24 MP: 6/6
   672 | D:1      | Learned a level 3 spell: Teleport Other
   800 | D:3      | Gained mutation: Your magical capacity is low. (-10% MP) [potion of mutation]
   800 | D:3      | Gained mutation: You are resistant to hostile enchantments. (MR+) [potion of mutation]
   800 | D:3      | Lost mutation: Your magical capacity is low. (-10% MP) [potion of mutation]
   803 | D:3      | HP: 1/24 [rat (1)]
   854 | D:3      | Gained mutation: Your skin blends seamlessly with your surroundings (Stealth++). [potion of mutation]
   854 | D:3      | Lost mutation: You are resistant to hostile enchantments. (MR+) [potion of mutation]
   854 | D:3      | Gained mutation: You are surrounded by a mild repulsion field. (EV +2) [potion of mutation]
  1006 | D:3      | Slain by a giant cockroach

Skill      XL: |  1  2 |
---------------+-------+-----
Unarmed Combat | 3 |  3.8
Fighting       | |  2.0
Throwing       | |  1.0
Dodging        | |  2.3
Spellcasting   | |  2.0
Translocations | |  3.0

Action                   || total
-------------------------++-------
Melee: Unarmed           ||    73
       Constrict         ||    22
       Tentacles         ||     7
Throw: Tomahawk          ||     5
 Cast: Blink             ||     5
       Teleport Other    ||     1
  Use: Potion            ||     5
       Scroll            ||     3
 Stab: Sleeping          ||     2
Armor: Skin              ||    11
Dodge: Dodged            ||    44
